[Event "Titled Tuesday Blitz July 25 Late 2023"]
[White "Troff, Kayden"]
[Black "Tanaka, Taira Tyler"]
[WhiteFideId "2047896"]
[BlackFideId "7002351"]
[WhiteElo "2802"]
[BlackElo "2637"]
[Result "1-0"]
[Round "11"]
[TimeControl "180+2"]
[Date "2023.07.25"]
[WhiteClock "0:00:09"]
[BlackClock "0:00:00"]
[Board "25"]

1. d4 Nf6 2. Nf3 g6 3. Bg5 Bg7 4. e3 O-O 5. Nc3 d5 6. h4 h5 7. Be2 Bg4 8. Ne5 Bxe2 9. Qxe2 c5 10. dxc5 Nc6 11. Nd3 e5 12. e4 Nd4 13. Qd2 dxe4 14. Bxf6 Bxf6 15. Nxe4 Bg7 16. c3 Ne6 17. Qe3 f5 18. Ng5 Nxg5 19. hxg5 e4 20. Nf4 Qxg5 21. O-O-O Rfd8 22. g3 Qf6 23. Kc2 a5 24. Qe2 Bh6 25. Qc4+ Kh7 26. Ne6 Rxd1 27. Rxd1 Re8 28. Rd7+ Re7 29. Qd5 Bg7 30. Nf4 Re5 31. Qxb7 e3 32. fxe3 Rxe3 33. Nd5 Re2+ 34. Kb3 Qe5 35. Re7 1-0


[Site "https://www.chess.com"]

[Event "Titled Tuesday Blitz July 25 Late 2023"]
[White "Morefield, Jason"]
[Black "Medina Paz, Miguel"]
[WhiteFideId "30920825"]
[BlackFideId "7300379"]
[WhiteElo "2748"]
[BlackElo "2622"]
[Result "1-0"]
[Round "11"]
[TimeControl "180+2"]
[Date "2023.07.25"]
[WhiteClock "0:02:15"]
[BlackClock "0:02:06"]
[Board "26"]

1. e4 e6 2. d4 d5 3. Nc3 Bb4 4. e5 c5 5. a3 Bxc3+ 6. bxc3 Ne7 7. Qg4 O-O 8. Bd3 c4 9. Bh6 Ng6 10. Bxg6 fxg6 11. Be3 Qe8 12. Ne2 Rf5 13. Qh3 Nc6 14. g4 Rf7 15. Qg3 b5 16. h4 a5 17. h5 gxh5 18. Rxh5 g6 19. Rh6 Bd7 20. Kd2 b4 21. axb4 axb4 22. Rah1 bxc3+ 23. Nxc3 Nb4 24. Qh4 Rg7 25. Rxh7 1-0


[Site "https://www.chess.com"]

[Event "Titled Tuesday Blitz July 25 Late 2023"]
[White "Tanenbaum, Zachary"]
[Black "Tarhan, Adar"]
[WhiteFideId "2060850"]
[BlackFideId "34544712"]
[WhiteElo "2747"]
[BlackElo "2612"]
[Result "1-0"]
[Round "11"]
[TimeControl "180+2"]
[Date "2023.07.25"]
[WhiteClock "0:00:40"]
[BlackClock "0:01:10"]
[Board "27"]

1. e4 c5 2. Nf3 Nc6 3. Nc3 Nf6 4. Bb5 Nd4 5. e5 Ng4 6. Nxd4 cxd4 7. Qxg4 dxc3 8. dxc3 Qa5 9. Qe2 e6 10. O-O h5 11. Rd1 a6 12. Bd3 b5 13. Be4 Rb8 14. Be3 g6 15. Ba7 Rb7 16. Bxb7 Bxb7 17. Qe3 Qc7 18. Qb6 Qc8 19. Rd4 Bg7 20. Rad1 Bc6 21. Qb8 O-O 22. Qxc8 Rxc8 23. f4 Bf8 24. Rxd7 Bxd7 25. Rxd7 b4 26. Bd4 a5 27. Kf2 a4 28. Ke3 a3 29. b3 bxc3 30. Kd3 h4 31. Bxc3 Bh6 32. g3 hxg3 33. hxg3 g5 34. Bd2 gxf4 35. gxf4 Kg7 36. c4 Rh8 37. c5 Kg6 38. b4 Bg7 39. c6 Rh3+ 40. Kc4 Rh2 41. c7 Rxd2 42. Rxd2 1-0


[Site "https://www.chess.com"]

[Event "Titled Tuesday Blitz July 25 Late 2023"]
[White "Rangel, Daniel"]
[Black "Dimitrov, Atanas"]
[WhiteFideId "2124475"]
[BlackFideId "2901315"]
[WhiteElo "2477"]
[BlackElo "2689"]
[Result "0-1"]
[Round "11"]
[TimeControl "180+2"]
[Date "2023.07.25"]
[WhiteClock "0:00:05"]
[BlackClock "0:00:08"]
[Board "28"]

1. c4 e5 2. g3 g6 3. Bg2 Bg7 4. Nc3 Ne7 5. e3 O-O 6. Nge2 c6 7. d4 exd4 8. Nxd4 d6 9. O-O Nd7 10. b3 a5 11. Bb2 Nc5 12. Qd2 Qc7 13. Rad1 Rd8 14. h3 Bd7 15. Ba1 Nf5 16. Nxf5 Bxf5 17. e4 Be6 18. f4 f5 19. Rfe1 Qf7 20. Kh2 fxe4 21. Nxe4 Nxe4 22. Bxe4 Bxa1 23. Rxa1 d5 24. cxd5 Bxd5 25. Bxd5 Rxd5 26. Qe2 a4 27. Qe3 axb3 28. axb3 Rad8 29. Re2 Rd3 30. Qe7 Rd2 31. Qxf7+ Kxf7 32. Ra2 Rxa2 33. Rxa2 Rd3 34. Rb2 Ke6 35. Re2+ Kd7 36. Rb2 Kd6 37. h4 Kd5 38. Re2 Rxb3 39. Re7 c5 40. Rxh7 c4 41. Rc7 b5 42. f5 gxf5 43. h5 Ra3 44. h6 Ra8 45. h7 b4 46. Rb7 b3 47. Kh3 Kc6 48. Rb4 Kc5 49. Rb7 Rh8 50. Kh4 c3 51. Rxb3 Rxh7+ 52. Kg5 Rg7+ 53. Kxf5 Rxg3 54. Ke4 Kc4 55. Rb8 Rg4+ 56. Ke3 Rg3+ 57. Ke2 Rg2+ 58. Ke3 Rg5 59. Ke2 Rd5 60. Rc8+ Kb3 61. Rb8+ Kc2 62. Rc8 Re5+ 63. Kf2 Kd2 64. Rd8+ Kc1 65. Rc8 c2 66. Kf1 Rb5 67. Ke2 Kb2 68. Kd2 Rd5+ 69. Ke2 c1=Q 70. Rb8+ Ka3 71. Ra8+ Kb4 72. Rb8+ Ka5 73. Ra8+ Kb6 74. Rc8 Qxc8 0-1


[Site "https://www.chess.com"]

[Event "Titled Tuesday Blitz July 25 Late 2023"]
[White "Ibarra Jerez, Jose Carlos"]
[Black "Vovk, Orest"]
[WhiteFideId "2226332"]
[BlackFideId "14113490"]
[WhiteElo "2874"]
[BlackElo "2587"]
[Result "1-0"]
[Round "11"]
[TimeControl "180+2"]
[Date "2023.07.25"]
[WhiteClock "0:00:11"]
[BlackClock "0:00:05"]
[Board "29"]

1. b3 Nh6 2. Bb2 Rg8 3. e4 g5 4. d4 d5 5. exd5 Qxd5 6. c4 Qe4+ 7. Ne2 Bf5 8. Nc3 Qc2 9. Qxc2 Bxc2 10. Nd5 Na6 11. h4 g4 12. Ne3 Bf5 13. a3 O-O-O 14. O-O-O Bg7 15. Ng3 Bd7 16. Bd3 Rh8 17. Nh5 Bf8 18. d5 f6 19. b4 Nf7 20. c5 Ne5 21. Bxa6 bxa6 22. c6 Be8 23. Nf4 Bf7 24. Nf5 h5 25. Rhe1 Rd6 26. Rxe5 fxe5 27. Bxe5 Rh7 28. Bxd6 exd6 29. Re1 Kd8 30. Ne6+ Bxe6 31. dxe6 Be7 32. Kd2 Rh8 33. Kd3 Rf8 34. Ke4 Rf6 35. Rd1 Rxe6+ 36. Kf4 Bf6 37. Rd5 Re2 38. Kg3 Be5+ 39. f4 gxf3+ 40. Kxf3 Ra2 41. Rd3 a5 42. bxa5 Rc2 43. Nd4 Bxd4 44. Rxd4 Rc3+ 45. Kf4 Rxc6 46. Rd5 Rc5 47. Rxc5 dxc5 48. g4 hxg4 49. Kxg4 c4 50. Kf3 c5 51. Ke3 Kd7 52. Kd2 Ke6 53. Kc3 Kd5 54. h5 Ke6 55. Kxc4 Kf5 56. Kxc5 Kg5 57. Kc6 Kxh5 58. Kb7 Kg6 59. Kxa7 Kf7 60. Kb7 Ke8 61. a6 1-0


[Site "https://www.chess.com"]

[Event "Titled Tuesday Blitz July 25 Late 2023"]
[White "Ozates, Tuna"]
[Black "Bartel, Mateusz"]
[WhiteFideId "6354521"]
[BlackFideId "1112635"]
[WhiteElo "2596"]
[BlackElo "2824"]
[Result "1-0"]
[Round "11"]
[TimeControl "180+2"]
[Date "2023.07.25"]
[WhiteClock "0:00:37"]
[BlackClock "0:00:57"]
[Board "30"]

1. e4 d6 2. d4 Nf6 3. Nc3 c6 4. f4 Qb6 5. e5 Nd5 6. Nxd5 cxd5 7. Bd3 Nc6 8. c3 e6 9. Nf3 Bd7 10. O-O g6 11. Kh1 Be7 12. Rb1 Na5 13. b3 Rc8 14. Bd2 Qc7 15. Qe2 O-O 16. h4 f5 17. exf6 Bxf6 18. h5 Rf7 19. hxg6 hxg6 20. Bxg6 Rg7 21. Bd3 Rf8 22. Ng5 Bxg5 23. fxg5 Rxf1+ 24. Rxf1 Nc6 25. Qh5 e5 26. g6 Be6 27. Bh6 e4 28. Be2 Nd8 29. Bxg7 Qxg7 30. Qg5 Nc6 31. Bg4 Bxg4 32. Qxg4 Qh6+ 33. Kg1 Qe3+ 34. Kh2 Qh6+ 35. Kg3 Qe3+ 36. Kh4 Nd8 37. Qg5 1-0


[Site "https://www.chess.com"]

[Event "Titled Tuesday Blitz July 25 Late 2023"]
[White "Nenezic, Marko"]
[Black "ElDivis"]
[WhiteFideId "912123"]
[WhiteElo "2765"]
[BlackElo "2544"]
[Result "1-0"]
[Round "11"]
[TimeControl "180+2"]
[Date "2023.07.25"]
[WhiteClock "0:02:38"]
[BlackClock "0:01:33"]
[Board "31"]

1. d4 Nf6 2. c4 g6 3. Nc3 Bg7 4. e4 O-O 5. Be2 d6 6. Be3 a5 7. Nf3 Na6 8. O-O e5 9. dxe5 dxe5 10. h3 Nh5 11. Qxd8 Rxd8 12. Rfd1 Re8 13. Nd5 Nf4 14. Bf1 Ne6 15. c5 Bf8 16. Nf6+ 1-0


[Site "https://www.chess.com"]

[Event "Titled Tuesday Blitz July 25 Late 2023"]
[White "Hambleton, Aman"]
[Black "Kochiev, Ivan"]
[WhiteFideId "2606577"]
[BlackFideId "2917890"]
[WhiteElo "2753"]
[BlackElo "2559"]
[Result "1-0"]
[Round "11"]
[TimeControl "180+2"]
[Date "2023.07.25"]
[WhiteClock "0:00:04"]
[BlackClock "0:00:00"]
[Board "32"]

1. c4 Nf6 2. d4 e6 3. Nc3 c5 4. d5 exd5 5. cxd5 d6 6. e4 g6 7. h3 Bg7 8. Bd3 O-O 9. Nf3 Re8 10. O-O c4 11. Bxc4 Nxe4 12. Nxe4 Rxe4 13. Bg5 Qa5 14. Qc2 Rxc4 15. Qxc4 Nd7 16. Bd2 Qd8 17. Bc3 Nb6 18. Qb3 Bf5 19. Rad1 Bxc3 20. Qxc3 Rc8 21. Qa5 a6 22. Rc1 Rc5 23. Rxc5 dxc5 24. Qxc5 Nxd5 25. Rd1 Be6 26. Rd4 h6 27. Nd2 b6 28. Qc6 Qg5 29. Ne4 Qe5 30. Rxd5 Bxd5 31. Qxd5 Qxb2 32. Nd6 Qf6 33. g3 h5 34. h4 a5 35. Qa8+ Kh7 36. Qd5 Kg8 37. a4 Qa1+ 38. Kg2 Qf6 39. Nc4 Qa1 40. Ne5 Qa2 41. Qxa2 1-0


[Site "https://www.chess.com"]

[Event "Titled Tuesday Blitz July 25 Late 2023"]
[White "Wu, Derek"]
[Black "Deng, Henry"]
[WhiteFideId "30914558"]
[BlackFideId "30965454"]
[WhiteElo "2748"]
[BlackElo "2540"]
[Result "1-0"]
[Round "11"]
[TimeControl "180+2"]
[Date "2023.07.25"]
[WhiteClock "0:00:21"]
[BlackClock "0:00:52"]
[Board "33"]

1. e4 e5 2. Nf3 Nc6 3. Bb5 a6 4. Ba4 Nf6 5. d4 b5 6. Bb3 exd4 7. O-O Be7 8. e5 Ne4 9. Bd5 Nc5 10. Nxd4 Bb7 11. Re1 O-O 12. Nc3 Ne6 13. Nf5 Bc5 14. Qg4 g6 15. Bh6 Re8 16. Rad1 Kh8 17. Ng3 Rb8 18. Qf3 Qe7 19. Nce4 Ncd4 20. Qf6+ Qxf6 21. Nxf6 Bxd5 22. Nxd5 Nxc2 23. Rf1 Ncd4 24. Nf6 Red8 25. Rfe1 Bf8 26. Bxf8 Rxf8 27. Nxd7 Rfc8 28. Nxb8 Rxb8 29. Ne2 Nc2 30. Rf1 c5 31. Rd7 Kg7 32. f4 Ncd4 33. Ng3 Nf8 34. Ra7 Rb6 35. f5 g5 36. Nh5+ Kh6 37. Nf6 Ne2+ 38. Kh1 Nf4 39. g3 Nd3 40. Rxf7 Rb8 41. g4 Ng6 42. Rxh7# 1-0


[Site "https://www.chess.com"]

[Event "Titled Tuesday Blitz July 25 Late 2023"]
[White "Mekhitarian, Krikor Sevag"]
[Black "Shapiro, Viktor"]
[WhiteFideId "2107660"]
[BlackFideId "4175700"]
[WhiteElo "2747"]
[BlackElo "2538"]
[Result "1-0"]
[Round "11"]
[TimeControl "180+2"]
[Date "2023.07.25"]
[WhiteClock "0:00:07"]
[BlackClock "0:00:00"]
[Board "34"]

1. Nf3 Nf6 2. c4 c5 3. Nc3 Nc6 4. g3 d6 5. Bg2 e6 6. O-O Bd7 7. d4 cxd4 8. Nxd4 a6 9. b3 Rc8 10. Bb2 Be7 11. Rc1 O-O 12. Nc2 Qa5 13. a3 b5 14. b4 Qb6 15. cxb5 axb5 16. Ne4 Nxe4 17. Bxe4 Ne5 18. Bxe5 dxe5 19. Qxd7 Bg5 20. e3 f5 21. Bd3 Rc3 22. Qxb5 Qc7 23. Qa6 Kf7 24. Rcd1 Rd8 25. a4 Rd6 26. Qb5 Rb6 27. Qa5 Rd6 28. Qxe5 Bf6 29. Qb5 Rd5 30. Qa6 Rd6 31. Qa8 Rcxd3 32. Rxd3 Rxd3 33. Ne1 Rd1 34. Nf3 Rxf1+ 35. Kxf1 Qc4+ 36. Kg2 Qxb4 37. Qc6 g5 38. h3 g4 39. hxg4 fxg4 40. Ng1 h5 41. Ne2 e5 42. Nc1 Qa5 43. Nd3 Kg7 44. Nc5 1-0


[Site "https://www.chess.com"]

[Event "Titled Tuesday Blitz July 25 Late 2023"]
[White "Fiorito, Francisco"]
[Black "Bolourchifard, Farzad"]
[WhiteFideId "180165"]
[BlackFideId "12510084"]
[WhiteElo "2537"]
[BlackElo "2738"]
[Result "0-1"]
[Round "11"]
[TimeControl "180+2"]
[Date "2023.07.25"]
[WhiteClock "0:00:04"]
[BlackClock "0:00:10"]
[Board "35"]

1. e4 e5 2. Nf3 Nc6 3. Nc3 Nf6 4. Bb5 Bb4 5. O-O O-O 6. d3 d6 7. h3 h6 8. Ne2 Ne7 9. c3 Ba5 10. a4 c6 11. Bc4 d5 12. Ba2 Ng6 13. Ng3 Bb6 14. b4 a5 15. b5 cxb5 16. axb5 Be6 17. Qe2 dxe4 18. Nxe4 Nd5 19. Bxd5 Bxd5 20. Be3 f5 21. Ned2 a4 22. Bxb6 Qxb6 23. c4 Nf4 24. Qxe5 Bxf3 25. Nxf3 Ng6 26. Qd5+ Kh7 27. d4 a3 28. Rfe1 Nf4 29. Qc5 Qxc5 30. dxc5 Nd3 31. Re3 Rfd8 32. c6 bxc6 33. bxc6 Ra7 34. c7 Rxc7 35. Rxa3 Nb2 36. Ra6 Nxc4 37. Rc3 Rd1+ 38. Kh2 Rdd7 39. Nh4 f4 40. Ra4 Ne5 41. Rxc7 Rxc7 42. Rxf4 g5 43. Re4 Nd3 44. Nf5 Nxf2 45. Rd4 Rc1 46. Rd7+ Kg6 47. Ne7+ Kf7 48. Nf5+ Ke6 49. Rh7 Rh1+ 50. Kg3 Ne4+ 51. Kf3 Nf6 52. Rxh6 Kxf5 53. g4+ Ke5 54. Kg2 Rb1 55. Rh8 Rb2+ 56. Kf3 Rb3+ 57. Kg2 Nd5 58. Re8+ Kf6 59. Rh8 Nf4+ 60. Kh2 Ng6 61. Ra8 Nh4 62. Ra6+ Ke5 63. Ra5+ Kf4 64. Ra4+ Kf3 65. Ra5 Rb2+ 66. Kg1 Kg3 67. Kf1 Nf3 68. Ra3 Rf2# 0-1


[Site "https://www.chess.com"]

[Event "Titled Tuesday Blitz July 25 Late 2023"]
[White "Schnaider, Ilan"]
[Black "Martins, Bruno Andre Leite"]
[WhiteFideId "169013"]
[BlackFideId "1942255"]
[WhiteElo "2728"]
[BlackElo "2531"]
[Result "1-0"]
[Round "11"]
[TimeControl "180+2"]
[Date "2023.07.25"]
[WhiteClock "0:01:31"]
[BlackClock "0:00:47"]
[Board "36"]

1. d4 Nf6 2. c4 g6 3. Nf3 Bg7 4. g3 O-O 5. Bg2 d6 6. O-O c6 7. Nc3 Nbd7 8. e4 e5 9. Re1 Re8 10. h3 Qa5 11. Be3 exd4 12. Bxd4 Ne5 13. c5 Nxf3+ 14. Qxf3 Nd7 15. Bxg7 Kxg7 16. cxd6 Qb4 17. Rad1 Re6 18. Qe3 Rxd6 19. a3 Qc5 20. Qxc5 Rxd1 21. Qe3 Rd6 22. h4 Re6 23. Bh3 Re8 24. Qd4+ Ne5 25. Bg2 Bg4 26. f4 Rad8 27. Nd5 f6 28. fxe5 fxe5 29. Qxa7 cxd5 30. exd5 Rd7 31. Qa4 h5 32. Bf3 Bf5 33. g4 hxg4 34. Bxg4 Ree7 35. Bxf5 gxf5 36. Rxe5 1-0


[Site "https://www.chess.com"]

[Event "Titled Tuesday Blitz July 25 Late 2023"]
[White "Womacka, Mathias"]
[Black "Fisher_TheGalactic"]
[WhiteFideId "4611390"]
[WhiteElo "2533"]
[BlackElo "2693"]
[Result "1-0"]
[Round "11"]
[TimeControl "180+2"]
[Date "2023.07.25"]
[WhiteClock "0:02:03"]
[BlackClock "0:00:42"]
[Board "37"]

1. e4 b6 2. d4 Bb7 3. Bd3 Nf6 4. Qe2 e6 5. f4 d5 6. e5 Ne4 7. Nf3 c5 8. c3 cxd4 9. cxd4 Bb4+ 10. Nbd2 Nc6 11. O-O Nxd2 12. Bxd2 Bxd2 13. Qxd2 O-O 14. f5 exf5 15. Bxf5 Ne7 16. Bd3 Ng6 17. Qf2 Qe7 18. Qg3 Qb4 19. Rf2 Bc8 20. h4 Be6 21. h5 Ne7 22. h6 g6 23. Qg5 f5 24. a3 Qb3 25. Qxe7 Rae8 26. Qg7# 1-0


[Site "https://www.chess.com"]

[Event "Titled Tuesday Blitz July 25 Late 2023"]
[White "Goltsev, Dmitry"]
[Black "Grossboss19"]
[WhiteFideId "24176710"]
[WhiteElo "2678"]
[BlackElo "2491"]
[Result "1-0"]
[Round "11"]
[TimeControl "180+2"]
[Date "2023.07.25"]
[WhiteClock "0:00:07"]
[BlackClock "0:00:04"]
[Board "38"]

1. e4 c6 2. Nf3 d5 3. Nc3 Bg4 4. d4 dxe4 5. Nxe4 Bxf3 6. gxf3 e6 7. c3 Nf6 8. h4 Be7 9. Bd3 Nbd7 10. h5 h6 11. Bf4 Nd5 12. Bh2 N7f6 13. a3 Nxh5 14. Be5 Nhf6 15. Qb3 Nb6 16. O-O-O Qd7 17. Rdg1 Nxe4 18. fxe4 Bf6 19. Bh2 g5 20. a4 Nc8 21. a5 Ne7 22. Kc2 Ng6 23. e5 Be7 24. Be4 a6 25. Qc4 O-O-O 26. b4 Kb8 27. Qe2 h5 28. Rb1 h4 29. Rhd1 Nf4 30. Qf3 Nd5 31. Rb3 Ka8 32. Rdb1 f5 33. Bd3 g4 34. Qe2 Nc7 35. Bf4 Rhg8 36. Be3 Bg5 37. c4 Bxe3 38. fxe3 f4 39. b5 cxb5 40. cxb5 axb5 41. Bxb5 Qd5 42. Bc4 Qe4+ 43. Bd3 Qxe3 44. Qxe3 fxe3 45. Rxb7 Rc8 46. Be4 Nd5+ 47. Kd3 Rc3+ 48. Ke2 Nf4+ 49. Kd1 Nd5 50. Ke2 Rf8 51. Rh7 Rf2+ 52. Kd1 e2+ 53. Ke1 Rf1+ 54. Kxe2 Rxb1 55. Bxb1 Rc4 56. Rxh4 Rxd4 57. Rh8+ Ka7 58. Rh7+ Ka6 59. Rh6 Nc3+ 60. Ke3 Rd5 61. Rxe6+ Kxa5 62. Bd3 Nd1+ 63. Ke4 Nc3+ 64. Ke3 g3 65. Rg6 Rxe5+ 66. Kd4 Rd5+ 67. Kxc3 Rc5+ 68. Bc4 Rc7 69. Ra6# 1-0


[Site "https://www.chess.com"]

[Event "Titled Tuesday Blitz July 25 Late 2023"]
[White "brm72"]
[Black "marik_spb"]
[WhiteElo "2651"]
[BlackElo "2484"]
[Result "0-1"]
[Round "11"]
[TimeControl "180+2"]
[Date "2023.07.25"]
[WhiteClock "0:00:16"]
[BlackClock "0:00:05"]
[Board "39"]

1. e4 c6 2. d4 d5 3. e5 Bf5 4. Nf3 e6 5. Be2 Nd7 6. O-O c5 7. Be3 Ne7 8. Nbd2 Nc6 9. c4 cxd4 10. Nxd4 Ndxe5 11. Nxf5 exf5 12. cxd5 Qxd5 13. Qa4 Bc5 14. Bxc5 Qxc5 15. Rac1 Qd4 16. Nc4 O-O 17. Rfd1 Qe4 18. Re1 Rad8 19. Bf3 Nxf3+ 20. gxf3 Qxf3 21. Ne5 Nxe5 22. Rxe5 Rd2 23. Qxa7 Rxb2 24. Qc5 g6 25. a4 Qg4+ 26. Kf1 Qxa4 27. Re7 Qf4 28. Kg2 Rxf2+ 29. Qxf2 Qxc1 30. Rxb7 Qc6+ 31. Qf3 Qxf3+ 32. Kxf3 Kg7 33. Kf4 Re8 34. Kf3 g5 35. Rb6 f6 36. Rb7+ Kg6 37. Rc7 Ra8 38. Rb7 Ra3+ 39. Kg2 h5 40. Rb8 f4 41. Rb5 h4 42. h3 Rg3+ 43. Kh2 f3 44. Rb8 f5 45. Rb6+ Kh5 46. Rb5 Kg6 47. Rb6+ Kf7 48. Rb5 Kf6 49. Rb6+ Ke5 50. Rb5+ Ke4 51. Rb2 Rg2+ 52. Rxg2 fxg2 53. Kxg2 Ke3 54. Kg1 Kf3 55. Kh2 Kf2 56. Kh1 Kg3 57. Kg1 Kxh3 58. Kh1 g4 59. Kg1 f4 60. Kh1 f3 61. Kg1 g3 62. Kh1 Kg4 63. Kg1 Kf4 64. Kh1 f2 65. Kg2 h3+ 66. Kf1 h2 67. Kg2 h1=Q+ 68. Kxh1 f1=Q# 0-1


[Site "https://www.chess.com"]

[Event "Titled Tuesday Blitz July 25 Late 2023"]
[White "Bettalli, Francesco"]
[Black "Ponizil, Cyril"]
[WhiteFideId "2816453"]
[BlackFideId "322202"]
[WhiteElo "2463"]
[BlackElo "2628"]
[Result "1-0"]
[Round "11"]
[TimeControl "180+2"]
[Date "2023.07.25"]
[WhiteClock "0:00:10"]
[BlackClock "0:00:18"]
[Board "40"]

1. e4 c5 2. Nc3 Nc6 3. Bb5 Nd4 4. Nf3 e6 5. O-O Ne7 6. Nxd4 cxd4 7. Ne2 a6 8. Bd3 Nc6 9. c3 Bc5 10. b4 Ba7 11. a4 dxc3 12. dxc3 O-O 13. b5 Ne5 14. Bb1 axb5 15. Ba3 Re8 16. axb5 Nc4 17. Bc5 b6 18. Bb4 Bb7 19. Qd4 Qc8 20. Bd3 Nb2 21. c4 Nxd3 22. Qxd3 Bb8 23. Bc3 Qc7 24. Ng3 Qd6 25. Qf3 Rxa1 26. Rxa1 Qc5 27. Rd1 d6 28. Qg4 g6 29. e5 dxe5 30. Nh5 Qe7 31. Rd7 Qxd7 32. Nf6+ Kf8 33. Nxd7+ Ke7 34. Nxb8 Rxb8 35. Bxe5 Rd8 36. h4 f6 37. Bxf6+ Kxf6 38. Qg5+ 1-0


[Site "https://www.chess.com"]

[Event "Titled Tuesday Blitz July 25 Late 2023"]
[White "Slovineanu, Viacheslav"]
[Black "Salik, Serkan"]
[WhiteFideId "13900510"]
[BlackFideId "30952492"]
[WhiteElo "2427"]
[BlackElo "2608"]
[Result "0-1"]
[Round "11"]
[TimeControl "180+2"]
[Date "2023.07.25"]
[WhiteClock "0:00:02"]
[BlackClock "0:00:17"]
[Board "41"]

1. d4 Nf6 2. Nf3 d6 3. Nc3 Bf5 4. Nh4 Bd7 5. e4 e5 6. Nf3 Nc6 7. Bc4 Be7 8. O-O O-O 9. h3 exd4 10. Nxd4 Re8 11. Re1 Bf8 12. Bg5 h6 13. Bh4 Ne5 14. Bf1 Ng6 15. Bg3 a6 16. a4 Bc6 17. Nxc6 bxc6 18. Bc4 Nd7 19. Qd2 Qg5 20. Rad1 Nde5 21. Bb3 Rab8 22. Kh2 Qxd2 23. Rxd2 Nd7 24. Rb1 Nc5 25. Bc4 Nxe4 26. Nxe4 Rxe4 27. Bxa6 Rxa4 28. Bd3 Nf4 29. Bxf4 Rxf4 30. b3 Rf6 31. Re2 Re6 32. Rbe1 Rbe8 33. Rxe6 fxe6 34. f4 Kf7 35. g4 Kf6 36. Kg3 g5 37. h4 d5 38. fxg5+ hxg5 39. Rf1+ Kg7 40. hxg5 Bd6+ 41. Kg2 e5 42. Bf5 e4 43. Kf2 Rh8 44. Rg1 Bc5+ 45. Kf1 Bxg1 46. Kxg1 Rh3 0-1


[Site "https://www.chess.com"]

[Event "Titled Tuesday Blitz July 25 Late 2023"]
[White "Bilan, Danila"]
[Black "Miladinovic, Igor"]
[WhiteFideId "24161918"]
[BlackFideId "4203380"]
[WhiteElo "2527"]
[BlackElo "2801"]
[Result "1-0"]
[Round "11"]
[TimeControl "180+2"]
[Date "2023.07.25"]
[WhiteClock "0:00:05"]
[BlackClock "0:00:00"]
[Board "43"]

1. d4 d5 2. Nf3 Bf5 3. c4 e6 4. Nc3 Nc6 5. Bf4 Bd6 6. Bg3 Bxg3 7. hxg3 Nf6 8. e3 a6 9. Bd3 dxc4 10. Bxc4 h6 11. Rc1 O-O 12. O-O Qe7 13. Bd3 Bxd3 14. Qxd3 Rad8 15. Ne4 Nxe4 16. Qxe4 Rd5 17. Rc3 Rfd8 18. Rfc1 Rb5 19. b3 Qa3 20. R3c2 Ra5 21. Qh4 Rd6 22. g4 Rdd5 23. e4 Nxd4 24. exd5 Nxc2 25. Rxc2 Rxd5 26. g5 Qe7 27. gxh6 g5 28. h7+ Kh8 29. Qh6 g4 30. Nd2 c6 31. Nf1 f5 32. Ne3 Rd8 33. g3 Re8 34. Nc4 Qxh7 35. Qf4 Rd8 36. Rc1 Qg7 37. Ne5 Rd5 38. Re1 Kg8 39. Kg2 c5 40. Nc4 b5 41. Qb8+ Qf8 42. Qxf8+ Kxf8 43. Na5 Kf7 44. Re2 Kf6 45. Rc2 e5 46. Nb7 f4 47. gxf4 exf4 48. Nxc5 Kf5 49. b4 Rd4 50. a3 Rd1 51. Nxa6 f3+ 52. Kh2 Kg5 53. Nc7 Kh4 54. Nxb5 Re1 55. Nd4 Re4 56. Nf5+ Kg5 57. Ne3 Kh4 58. Nf5+ Kg5 59. Ng3 Re1 60. b5 Rb1 61. a4 Kh4 62. Ra2 Rb4 63. a5 Rxb5 64. a6 Rb8 65. a7 Ra8 66. Ra5 Rh8 67. Rh5+ Rxh5 68. Nxh5 g3+ 69. Nxg3 Kg4 70. a8=Q 1-0


[Site "https://www.chess.com"]

[Event "Titled Tuesday Blitz July 25 Late 2023"]
[White "Salimova, Nurgyul"]
[Black "Garakov, Mikhael"]
[WhiteFideId "2915138"]
[BlackFideId "4169034"]
[WhiteElo "2688"]
[BlackElo "2525"]
[Result "0-1"]
[Round "11"]
[TimeControl "180+2"]
[Date "2023.07.25"]
[WhiteClock "0:00:02"]
[BlackClock "0:00:15"]
[Board "44"]

1. d4 c5 2. Nf3 cxd4 3. Nxd4 Nf6 4. c4 b6 5. Nc3 Bb7 6. Bg5 a6 7. Bxf6 gxf6 8. Qd2 e6 9. e3 Qc7 10. Nf3 Nc6 11. Be2 Ne5 12. Nxe5 fxe5 13. O-O-O d5 14. Kb1 dxc4 15. Bf3 Be7 16. Bxb7 Qxb7 17. Qc2 O-O 18. h4 Rad8 19. Ne4 f5 20. Ng5 Qc6 21. f4 e4 22. Qe2 Bf6 23. Qh5 Rd7 24. Rxd7 Qxd7 25. Rd1 Qe7 26. Qh6 Bxg5 27. hxg5 Rd8 28. Rh1 Qd7 29. a3 c3 30. g6 c2+ 31. Kxc2 Qd3+ 32. Kc1 Rc8# 0-1


[Site "https://www.chess.com"]

[Event "Titled Tuesday Blitz July 25 Late 2023"]
[White "Bjelobrk, Igor"]
[Black "Tikhonov, Viacheslav"]
[WhiteFideId "4300726"]
[BlackFideId "44196407"]
[WhiteElo "2657"]
[BlackElo "2495"]
[Result "0-1"]
[Round "11"]
[TimeControl "180+2"]
[Date "2023.07.25"]
[WhiteClock "0:00:06"]
[BlackClock "0:00:07"]
[Board "45"]

1. d4 Nf6 2. c4 g6 3. Nc3 d5 4. Nf3 Bg7 5. h4 c6 6. Bg5 Ne4 7. e3 Nxc3 8. bxc3 h6 9. Bf4 O-O 10. cxd5 cxd5 11. Rb1 Qa5 12. Qb3 Bf5 13. Rb2 Rc8 14. Kd2 Nd7 15. Qb4 Qd8 16. Be2 Nf6 17. Ke1 Ne4 18. Rb3 a5 19. Qa3 a4 20. Rxb7 Rxc3 21. Qb4 Rc1+ 22. Bd1 Rxd1+ 23. Kxd1 Nxf2+ 24. Ke2 Nxh1 25. Kf1 Qc8 26. Rc7 Qa6+ 27. Kg1 Bf6 28. Kxh1 Qf1+ 29. Kh2 Be4 30. Qe1 Qxe1 31. Nxe1 Bxh4 32. Nf3 Bxf3 33. gxf3 Bf6 34. Bxh6 e5 35. Rc6 Bh8 36. dxe5 Bxe5+ 37. Kg2 Bg7 38. Bxg7 Kxg7 39. Rd6 Rb8 40. Rxd5 Rb2+ 41. Kg3 Rxa2 42. Ra5 a3 43. Ra7 Ra1 44. Kg2 Kf6 45. f4 Ke6 46. Kf3 Kf6 47. Ke4 Kg7 48. Ke5 a2 49. Ke4 Kf6 50. Ra6+ Ke7 51. Ra7+ Ke6 52. Ra8 Kd6 53. Ra6+ Ke7 54. Ra7+ Ke6 55. Ra6+ Kd7 56. Ra7+ Kc6 57. Ra8 Kc5 58. Ra7 Kb6 59. Ra8 Kc6 60. Ra7 Kd6 61. Ra6+ Kc7 62. Ra7+ Kb6 63. Ra8 Kb5 64. Ra7 Kb4 65. Ra8 Kc3 66. Ra7 Kd2 67. Rd7+ Ke2 68. Ra7 f5+ 69. Ke5 Kxe3 70. Ra3+ Kf2 71. Ra8 Re1+ 72. Kf6 a1=Q+ 73. Rxa1 Rxa1 74. Kxg6 Ra5 0-1


[Site "https://www.chess.com"]

[Event "Titled Tuesday Blitz July 25 Late 2023"]
[White "Terletsky, Oleg"]
[Black "Pinero Rodriguez, Carlos Jose"]
[WhiteFideId "14116774"]
[BlackFideId "3901726"]
[WhiteElo "2521"]
[BlackElo "2634"]
[Result "1-0"]
[Round "11"]
[TimeControl "180+2"]
[Date "2023.07.25"]
[WhiteClock "0:00:43"]
[BlackClock "0:00:56"]
[Board "46"]

1. e4 c5 2. Nf3 e6 3. d4 cxd4 4. Nxd4 a6 5. Nc3 Qc7 6. Bd3 Nf6 7. O-O h5 8. h3 Bc5 9. Nb3 Ng4 10. hxg4 hxg4 11. Re1 Qh2+ 12. Kf1 Qh1+ 13. Ke2 Qxg2 14. Nxc5 Qf3+ 15. Kd2 Qxf2+ 16. Qe2 Qxc5 17. Qxg4 Nc6 18. Qxg7 Rh2+ 19. Re2 Rh1 20. Qg8+ Ke7 21. Nd5+ exd5 22. exd5+ Kf6 23. dxc6 dxc6 24. Qd8+ Kg7 25. Rg2+ 1-0


[Site "https://www.chess.com"]

[Event "Titled Tuesday Blitz July 25 Late 2023"]
[White "Kozusek, Daniel"]
[Black "Haydon, David L"]
[WhiteFideId "349500"]
[BlackFideId "415405"]
[WhiteElo "2492"]
[BlackElo "2625"]
[Result "1-0"]
[Round "11"]
[TimeControl "180+2"]
[Date "2023.07.25"]
[WhiteClock "0:00:34"]
[BlackClock "0:00:20"]
[Board "47"]

1. d4 f6 2. e4 e6 3. Bd3 c5 4. d5 e5 5. f4 d6 6. f5 Qd7 7. Nc3 a6 8. a4 g6 9. Nf3 Qg7 10. O-O Ne7 11. Nd2 Rg8 12. Qf3 gxf5 13. exf5 Bxf5 14. Nc4 Bxd3 15. cxd3 Nf5 16. Ne4 Nd4 17. Nxf6+ Kd8 18. Qf2 Rh8 19. Ne4 Be7 20. Ncxd6 Rf8 21. Qe1 Nd7 22. Nxb7+ Kc7 23. d6+ Kxb7 24. dxe7 Rxf1+ 25. Qxf1 Qxe7 26. Bg5 Qe6 27. Rc1 Rf8 28. Qxf8 Nxf8 29. Nxc5+ Kb6 30. Nxe6 Nfxe6 31. Be3 Kb7 32. Bxd4 Nxd4 33. Kf2 Nb3 34. Rc3 Nd4 35. Ke3 Nc6 36. Rxc6 Kxc6 37. b4 a5 38. b5+ Kc5 39. Ke4 Kb4 40. b6 Kxa4 41. b7 h6 42. b8=Q h5 43. Kd5 h4 44. Kc4 h3 45. Qb3# 1-0


[Site "https://www.chess.com"]